 Dungeon Crawl Stone Soup version 0.24.0-2-g5b39cebb1c (webtiles) character file.

Game seed: 5960430128461097693, levelgen mode: deterministic

12283 Mrkan the Trollish Cataclysm (level 11, 0/115 HPs)
             Began as a Troll Arcane Marksman on Nov 1, 2019.
             Was a High Priest of Qazlal.
             Slain by an ettin
             ... wielding a +0 dire flail
              (5 damage)
             ... on level 10 of the Dungeon.
             The game lasted 00:19:38 (9449 turns).

Mrkan the Trollish Cataclysm (TrAM)                 Turns: 9449, Time: 00:19:39

Health: 0/115      AC: 14    Str: 20    XL:     11   Next: 60%
Magic:  17/17      EV: 10    Int: 12    God:    Qazlal [*****.]
Gold:   802        SH:  7    Dex: 10    Spells: 11/12 levels left

rFire    . . .     SeeInvis +     - Unarmed
rCold    . . .     Gourm    +   (no shield)
rNeg     + . .     Faith    +   F - +1 steam dragon scales
rPois    .         Spirit   .   (helmet restricted)
rElec    .         Reflect  .   E - +0 cloak
rCorr    .         Harm     .   (gloves unavailable)
MR       .....                  (boots unavailable)
Stlth    +.........             b - amulet of faith
HPRegen  0.69/turn              i - ring of see invisible
MPRegen  0.15/turn              I - ring of positive energy

@: protected from physical damage, very slightly contaminated, repel missiles
A: large, unfitting armour, claws 3, fast metabolism 3, gourmand, regeneration
1, shaggy fur 1, tough skin 3
a: Upheaval, Elemental Force, Disaster Area, Renounce Religion


You were on level 10 of the Dungeon.
You worshipped Qazlal.
Qazlal was extremely pleased with you.
You were full.

You visited 2 branches of the dungeon, and saw 12 of its levels.

You collected 880 gold pieces.
You spent 78 gold pieces at shops.

Inventory:

Missiles
 c - 4 large rocks (quivered)
 d - 2 throwing nets
Armour
 z - a +1 robe of magic resistance
 E - a +0 cloak (worn)
 F - +1 steam dragon scales (worn)
Jewellery
 b - an amulet of faith (around neck)
 i - a ring of see invisible (left claw)
 r - an uncursed amulet of the acrobat
 I - a ring of positive energy (right claw)
Wands
 p - a wand of random effects (25)
 t - a wand of iceblast (6)
 w - a wand of acid (6)
 G - a wand of paralysis (10)
Scrolls
 e - 5 scrolls of fear
 k - 3 scrolls of identify
 l - 3 scrolls of immolation
 n - 4 scrolls of remove curse
 q - 4 scrolls of amnesia
 v - 7 scrolls of teleportation
 x - 3 scrolls of enchant armour
Potions
 a - a potion of haste
 g - 3 potions of degeneration
 h - 2 potions of berserk rage
 j - 4 potions of curing
 m - a potion of might
 o - a potion of mutation
 s - a potion of heal wounds
 u - 2 potions of brilliance
Comestibles
 f - 28 rations


   Skills:
 + Level 9.2 Fighting
 - Level 1.7 Throwing
 - Level 1.5 Dodging
 - Level 10.1 Unarmed Combat
 - Level 1.0 Spellcasting
   Level 2.0 Hexes
 * Level 10.4 Invocations


You had 11 spell levels left.
You knew the following spells:

 Your Spells              Type           Power        Failure   Level  Hunger
b - Animate Skeleton      Necr           N/A          30%         1    ##.....

Your spell library contained the following spells:

 Spells                   Type           Power        Failure   Level  Hunger
 Corona                   Hex            #......      13%         1    ##.....
 Slow                     Hex            #.......     21%         2    ###....
 Pain                     Necr           #...         30%         1    ##.....
 Inner Flame              Hex/Fire       #.......     52%         3    ####...
 Portal Projectile        Hex/Tloc       #.....       52%         3    ####...
 Regeneration             Chrm/Necr      #.........   65%         3    ####...
 Vampiric Draining        Necr           #.........   65%         3    ####...
 Cause Fear               Hex            #.........   78%         4    #####..
 Leda's Liquefaction      Hex/Erth       #.........   89%         4    #####..
 Animate Dead             Necr           N/A          96%         4    #####..


Dungeon Overview and Level Annotations

Branches:
Dungeon (11/15)            Temple (0/1) D:7             Orc (1/2) D:10
   Lair: D:8-11

Altars:
Ashenzari
Elyvilon
Gozag
Okawaru
Qazlal

Shops:
D:4 :   D:10 !

Annotations:
D:6 2 runed translucent doors, Arixos's ghost, novice DEAs


Innate Abilities, Weirdness & Mutations

You are too large for most types of armour.
You have claws for hands.
Your metabolism is lightning-fast.
You like to eat raw meat.
Your natural rate of healing is unusually fast.
You are covered in fur. (AC +1)
You have extremely tough skin. (AC +3)


Message History

You hear an angry hiss.
You hear a howl! x2; You hear an angry hiss.
A vampire mosquito comes into view.
The orc wizard casts a spell at you.
You easily resist.
The orc wizard mumbles some strange words.
The orc wizard flickers and vanishes for a moment.
Found a dagger.
Found a stone staircase leading down.
There is a stone staircase leading up here.
The vampire mosquito buzzes angrily.
You hear a howl!
You climb upwards.
The ettin hits you with a +0 dire flail!
* * * LOW HITPOINT WARNING * * *
The ettin hits you but does no damage. You block the orc warrior's attack.
You block the ettin's attack.
The ettin hits you with a +0 dire flail!
* * * LOW HITPOINT WARNING * * *
There is a stone staircase leading down, spattered with blood here.
The ettin misses you.
The ettin hits you with a +0 dire flail.
You die...

....# #.......# ###....# ..#.####
#.......# ####..
..#....#######.#### ##.
######....####.##### ###. #
####..)...°...### #####... ##
#####.○.°....#####.....#.
.###########..o...○..............
.##............C○..........#####)
.##.........###☼@#...............
............# #.○○...........####
###.........###☼...........######
#.............................. #
#####...##................#.... #
####..##...................### #
#..........###...........#.#
####................#....#....###
..............###..........##...#


You could see an ettin and an orc warrior.

Vanquished Creatures
  A hydra (D:8)
  A queen ant (D:9)
  An unseen horror (D:10)
  An ugly thing (D:11)
  A gargoyle (D:10)
  A troll (D:9)
  2 dream sheep (D:8)
  A hippogriff (D:9)
  Sigmund (D:4)
  7 yaks
  A wraith (D:10)
  A basilisk (D:10)
  A steam dragon (D:8)
  20 soldier ants
  A water moccasin (D:8)
  A hornet zombie (D:10)
  4 sky beasts
  3 black bears
  9 ogres
  A phantom (D:7)
  3 centaurs
  4 big kobolds
  4 bullfrogs
  A gnoll sergeant (D:9)
  A wyvern zombie (D:8)
  2 scorpions
  A water moccasin skeleton (D:8)
  4 killer bees (D:9)
  5 howler monkeys (D:7)
  12 wights
  5 crimson imps
  6 hounds
  A jelly (D:10)
  A bullfrog skeleton (D:5)
  3 orc priests
  2 centaur skeletons
  3 orc wizards
  29 worker ants
  6 gnolls
  16 adders
  3 shadow imps
  4 oozes
  4 adder zombies
  An adder skeleton (D:9)
  2 dart slugs
  6 leopard geckos
  19 orcs
  7 giant cockroaches
  5 hobgoblins
  8 jackals
  7 quokkas
  3 ball pythons
  6 bats
  6 frilled lizards
  4 goblins
  16 kobolds
  2 leopard gecko skeletons
  2 quokka skeletons
  8 rats
281 creatures vanquished.

Vanquished Creatures (others)
  An orc (D:4)
  A jackal skeleton (D:4)
  A plant (D:8)
  5 toadstools (D:10)
8 creatures vanquished.

Grand Total: 289 creatures vanquished

Notes
Turn   | Place    | Note
-------+----------+-------------------------------------------
     0 | D:1      | Mrkan the Troll Arcane Marksman began the quest for the
                  | Orb.
     0 | D:1      | Reached XP level 1. HP: 18/18 MP: 1/1
   164 | D:1      | Reached skill level 1 in Fighting
   166 | D:1      | Reached skill level 1 in Unarmed Combat
   231 | D:1      | Reached XP level 2. HP: 27/27 MP: 2/2
   837 | D:1      | Reached XP level 3. HP: 27/33 MP: 3/3
  1018 | D:2      | Found an opulent altar of Gozag.
  1020 | D:2      | Found a stormy altar of Qazlal.
  1020 | D:2      | Found a shattered altar of Ashenzari.
  1028 | D:2      | Became a worshipper of Qazlal Stormbringer
  1082 | D:2      | Reached XP level 4. HP: 39/42 MP: 4/4
  1835 | D:3      | Reached * piety under Qazlal
  1888 | D:3      | Reached XP level 5. HP: 49/49 MP: 5/5
  2044 | D:3      | Noticed an ogre
  2050 | D:3      | Killed an ogre
  2118 | D:3      | Reached XP level 6. HP: 59/59 MP: 6/6
  2496 | D:4      | Learned a level 1 spell: Animate Skeleton
  2514 | D:4      | Reached skill level 5 in Unarmed Combat
  2791 | D:4      | Found a white marble altar of Elyvilon.
  2972 | D:4      | Noticed Sigmund
  2973 | D:4      | Found an iron altar of Okawaru.
  2981 | D:4      | Killed Sigmund
  2981 | D:4      | Reached ** piety under Qazlal
  2981 | D:4      | Reached XP level 7. HP: 56/67 MP: 7/7
  3100 | D:4      | Found Haohayxt's Book Emporium.
  3291 | D:5      | Entered Level 5 of the Dungeon
  4113 | D:5      | Reached XP level 8. HP: 66/79 MP: 8/8
  4263 | D:6      | Found a runed translucent door.
  4265 | D:6      | Noticed Arixos's ghost (novice DEAs)
  4406 | D:6      | Reached *** piety under Qazlal
  4507 | D:6      | Reached skill level 5 in Fighting
  4841 | D:6      | Found a runed translucent door.
  5003 | D:7      | Reached XP level 9. HP: 89/89 MP: 9/9
  5048 | D:7      | Reached **** piety under Qazlal
  5076 | D:7      | Reached skill level 10 in Unarmed Combat
  5088 | D:7      | Reached skill level 1 in Invocations
  5350 | D:7      | Found a staircase to the Ecumenical Temple.
  5629 | D:8      | Reached ***** piety under Qazlal
  5992 | D:8      | Reached skill level 5 in Invocations
  6057 | D:8      | Reached XP level 10. HP: 96/102 MP: 12/12
  6118 | D:8      | Noticed a two-headed hydra
  6128 | D:8      | Killed a two-headed hydra
  6155 | D:8      | Got a shimmering halberd
  7322 | D:10     | Entered Level 10 of the Dungeon
  7454 | D:10     | Found a staircase to the Orcish Mines.
  7528 | D:10     | Noticed a gargoyle
  7530 | D:10     | Noticed an unseen horror
  7551 | D:10     | Reached XP level 11. HP: 45/113 MP: 16/16
  7669 | D:10     | Noticed a queen ant
  8042 | D:9      | Killed a queen ant
  8538 | D:10     | Killed an unseen horror
  8657 | D:10     | Reached skill level 10 in Invocations
  8902 | D:10     | Found Edoleco's Distillery.
  8926 | D:10     | Bought a potion of curing for 39 gold pieces
  8926 | D:10     | Bought a potion of curing for 39 gold pieces
  8947 | D:10     | Reached ****** piety under Qazlal
  9034 | D:11     | Noticed a cyan ugly thing
  9045 | D:11     | Killed a cyan ugly thing
  9238 | D:9      | Identified the cursed +3 halberd of Tenacity {chop, MR-
                  | Str-3 Int+8 Stlth+} (You found it on level 8 of the
                  | Dungeon)
  9402 | Orc:1    | Entered Level 1 of the Orcish Mines
  9407 | Orc:1    | Noticed an ettin
  9414 | Orc:1    | Noticed an orc warlord
  9415 | Orc:1    | Noticed an orc sorcerer
  9446 | D:10     | HP: 3/115 [ettin/+0 dire flail (15)]
  9449 | D:10     | Slain by an ettin

Levels and vault maps discovered:
D:1:      psy_arrival_statuary, layout_loops_corners
D:2:      layout_loops_corners, grunt_temple_overflow_open, fountainhead,
          lemuel_flame_loot_1
D:3:      layout_loops_cross, first_ration, minmay_fractal_squares_diagonal_5
D:4:      layout_layer_cave, elyvilon_altar_4, serial_shops, shop,
          okawaru_metal_pillars_3, uniq_sigmund
D:5:      minmay_clustersquares, layout_loops_corners, st_stairs_13,
          chequers_garden
D:6:      layout_loops_ring, ebering_ghost_sewer_f
D:7:      layout_rooms, minmay_temple_entry_antechambers
D:8:      layout_basic, hangedman_ranch [blue_anna_fruit_fields]
D:9:      layout_cave_pools
D:10:     layout_rooms, orc_0_dummy, serial_shops, shop,
          minmay_gold_behind_fungi, minivault_29
D:11:     layout_basic, minmay_lair_entry_grove, eino_curves_01,
          nrook_mini_backslash
Orc:1:    layout_caves, serial_shops, shop

Skill      XL: |  1  2  3  4  5  6  7  8  9 10 11 |
---------------+----------------------------------+-----
Fighting       | 1 2 3 4 5 7 8 9 |  9.2
Unarmed Combat | 1 2 3 4 6 7 9 10 | 10.1
Invocations    | 5 8 10 | 10.4
Throwing       | |  1.7
Dodging        | |  1.5
Spellcasting   | |  1.0
Hexes          | |  2.0

Action                   |  1- 3 |  4- 6 |  7- 9 | 10-12 || total
-------------------------+-------+-------+-------+-------++-------
Melee: Unarmed           |    90 |   137 |   338 |   314 ||   879
       Punch             |     1 |     2 |    10 |    12 ||    25
Invok: Upheaval          |       |       |       |     3 ||     3
  Use: Scroll            |       |       |     6 |    16 ||    22
       Potion            |       |       |       |     4 ||     4
 Stab: Sleeping          |       |     1 |       |       ||     1
  Eat: Chunk             |    15 |    18 |    28 |    28 ||    89
Armor: Robe              |    43 |    51 |    69 |       ||   163
       Steam dragon scal |       |       |     1 |   110 ||   111
Dodge: Dodged            |    50 |    65 |   128 |   140 ||   383
       Deflected         |       |       |       |     5 ||     5
Block: Other             |       |     4 |    50 |   100 ||   154
